EL
MISSISSIPPI BRAVES @ ALTOONA CURVE
08/23/2044
 
TOP OF THE 1ST
Mississippi Braves batting - Pitching for Altoona Curve : RHP J.J. Sykes
Pitching: RHP J.J. Sykes
Batting: RHB Tim Nettles 0-0: Called Strike
0-1: Foul Ball, location: 2F
0-2: Strikes out swinging
Batting: LHB Raul Guarjardo 0-0: Foul Ball, location: 2F
0-1: Ball
1-1: Ball
2-1: Fly out, F9 (Line Drive, 9, EV 92.5 MPH)
Batting: LHB Davey Schonewille 0-0: Ball
1-0: Ball
2-0: Called Strike
2-1: Foul Ball, location: 2F
2-2: Ground out 4-3 (Groundball, 4, EV 90.0 MPH)
Top of the 1st over - 0 runs, 0 hits, 0 errors, 0 left on base; Mississippi 0 - Altoona 0
BOTTOM OF THE 1ST
Altoona Curve batting - Pitching for Mississippi Braves : RHP Jesus Cumba
Pitching: RHP Jesus Cumba
Batting: LHB Jesse Henly 0-0: Ball
1-0: Foul Ball, location: 2F
1-1: Called Strike
1-2: Ball
2-2: Foul Ball, location: 2F
2-2: Foul Ball, location: 2F
2-2: Ground out 4-3 (Groundball, 4, EV 103.8 MPH)
Batting: RHB Keiji Nakajima 0-0: Ball
1-0: Called Strike
1-1: Ball
2-1: Foul Ball, location: 2F
2-2: SINGLE (Groundball, 56S, EV 70.6 MPH) (infield hit)
Batting: RHB Matt Keef 0-0: Ball
Keiji Nakajima is caught stealing 2nd base 2-4
1-0: Called Strike
1-1: Ball
2-1: Ball
3-1: Base on Balls
Batting: RHB Terry Sutherland 0-0: Called Strike
Matt Keef steals 2nd base
0-1: Foul Ball, location: 2F
0-2: Strikes out swinging
Bottom of the 1st over - 0 runs, 1 hit, 0 errors, 1 left on base; Mississippi 0 - Altoona 0
TOP OF THE 2ND
Mississippi Braves batting - Pitching for Altoona Curve : RHP J.J. Sykes
Batting: RHB Jack Power 0-0: Ball
1-0: Called Strike
1-1: Ball
2-1: SOLO HOME RUN (Flyball, 7LD, EV 93.8 MPH), Distance : 332 ft
Batting: RHB Yorkis Saiki 0-0: Ball
1-0: SINGLE (Groundball, 4D, EV 98.8 MPH)
Batting: RHB Zachary Sidney 0-0: Grounds into double play, 6-4-3 (Groundball, 6MS, EV 91.9 MPH)
Batting: LHB Jon Burgos 0-0: Ball
1-0: Swinging Strike
1-1: Foul Ball, location: 2F
1-2: Ball
2-2: Ball
3-2: Foul Ball, location: 2F
3-2: Strikes out looking
Top of the 2nd over - 1 run, 2 hits, 0 errors, 0 left on base; Mississippi 1 - Altoona 0
BOTTOM OF THE 2ND
Altoona Curve batting - Pitching for Mississippi Braves : RHP Jesus Cumba
Batting: SHB Trevor Weareorwear 0-0: Called Strike
0-1: Called Strike
0-2: Strikes out looking
Batting: RHB Killian Jones 0-0: Called Strike
0-1: Ball
1-1: Swinging Strike
1-2: Ball
2-2: Ball
3-2: Strikes out swinging
Batting: RHB Brian Moore 0-0: Called Strike
0-1: Ball
1-1: Foul Ball, location: 2F
1-2: Foul Ball, location: 2F
1-2: Ball
2-2: Ground out 4-3 (Groundball, 4, EV 78.1 MPH)
Bottom of the 2nd over - 0 runs, 0 hits, 0 errors, 0 left on base; Mississippi 1 - Altoona 0
TOP OF THE 3RD
Mississippi Braves batting - Pitching for Altoona Curve : RHP J.J. Sykes
Batting: RHB Angel Guzman 0-0: Foul Ball, location: 2F
0-1: Swinging Strike
0-2: Strikes out swinging
Batting: RHB Edwin Cota 0-0: Called Strike
0-1: Ground out 4-3 (Groundball, 4M, EV 106.9 MPH)
Batting: RHB Tim Nettles 0-0: Ball
1-0: Ball
2-0: Ball
3-0: Called Strike
3-1: Called Strike
3-2: Base on Balls
Batting: LHB Raul Guarjardo 0-0: Ball
Tim Nettles is caught stealing 2nd base 2-6
Top of the 3rd over - 0 runs, 0 hits, 0 errors, 0 left on base; Mississippi 1 - Altoona 0
BOTTOM OF THE 3RD
Altoona Curve batting - Pitching for Mississippi Braves : RHP Jesus Cumba
Batting: RHB Pedro Criollo 0-0: Called Strike
0-1: Called Strike
0-2: Ball
1-2: Strikes out swinging
Batting: RHB Yoshiaki Tsutsui 0-0: Foul Ball, location: 2F
0-1: Ball
1-1: SINGLE (Groundball, 6MD, EV 101.3 MPH)
Batting: LHB Jesse Henly 0-0: Called Strike
Yoshiaki Tsutsui steals 2nd base
0-1: Foul Ball, location: 2F
0-2: Ball
1-2: Strikes out looking
Batting: RHB Keiji Nakajima 0-0: Ball
1-0: SINGLE (Groundball, 6S, EV 65.6 MPH) (infield hit)
Yoshiaki Tsutsui to third
Batting: RHB Matt Keef 0-0: Fly out, F8 (Flyball, 8RXD, EV 100.6 MPH)
Bottom of the 3rd over - 0 runs, 2 hits, 0 errors, 2 left on base; Mississippi 1 - Altoona 0
TOP OF THE 4TH
Mississippi Braves batting - Pitching for Altoona Curve : RHP J.J. Sykes
Batting: LHB Raul Guarjardo 0-0: Ball
1-0: Foul Ball, location: 2F
1-1: Foul Ball, location: 2F
1-2: SINGLE (Line Drive, 6M, EV 96.3 MPH)
Batting: LHB Davey Schonewille 0-0: Ball
1-0: Foul Ball, location: 2F
1-1: Called Strike
1-2: Fly out, F4 (Popup, 4M, EV 59.4 MPH)
Batting: RHB Jack Power 0-0: Called Strike
0-1: Ball
1-1: Grounds into double play, 4-6-3 (Groundball, 4M, EV 90.6 MPH)
Top of the 4th over - 0 runs, 1 hit, 0 errors, 0 left on base; Mississippi 1 - Altoona 0
BOTTOM OF THE 4TH
Altoona Curve batting - Pitching for Mississippi Braves : RHP Jesus Cumba
Batting: RHB Terry Sutherland 0-0: Foul Ball, location: 2F
0-1: Swinging Strike
0-2: Ball
1-2: Ground out 5-3 (Groundball, 5L, EV 85.6 MPH)
Batting: SHB Trevor Weareorwear 0-0: Ball
1-0: Ground out 6-3 (Groundball, 6S, EV 88.1 MPH)
Batting: RHB Killian Jones 0-0: Ball
1-0: Ball
2-0: Ball
3-0: Called Strike
3-1: Foul Ball, location: 2F
3-2: Fly out, F9 (Flyball, 9LM, EV 83.1 MPH)
Bottom of the 4th over - 0 runs, 0 hits, 0 errors, 0 left on base; Mississippi 1 - Altoona 0
TOP OF THE 5TH
Mississippi Braves batting - Pitching for Altoona Curve : RHP J.J. Sykes
Batting: RHB Yorkis Saiki 0-0: Called Strike
0-1: DOUBLE (Line Drive, 89M, EV 89.4 MPH)
Batting: RHB Zachary Sidney 0-0: Ball
1-0: Called Strike
1-1: Foul Ball, location: 2F
1-2: SINGLE (Groundball, 4MD, EV 103.8 MPH)
Yorkis Saiki to third
Batting: LHB Jon Burgos 0-0: Ball
1-0: SINGLE (Groundball, 25, EV 69.4 MPH) (infield hit)
Zachary Sidney to second
Batting: RHB Angel Guzman 0-0: DOUBLE (Line Drive, 7LS, EV 111.3 MPH)
Yorkis Saiki scores
Zachary Sidney scores
Jon Burgos to third
Runner from 3rd tries for Home, SAFE, no throw by LF
Batting: RHB Edwin Cota 0-0: Called Strike
0-1: Swinging Strike
0-2: Strikes out swinging
Batting: RHB Tim Nettles 0-0: Called Strike
0-1: Swinging Strike
0-2: Foul Ball, location: 2F
0-2: Ball
1-2: Strikes out looking
Batting: LHB Raul Guarjardo 0-0: Fly out, F9 (Line Drive, 9, EV 96.9 MPH)
Top of the 5th over - 3 runs, 4 hits, 0 errors, 1 left on base; Mississippi 4 - Altoona 0
BOTTOM OF THE 5TH
Altoona Curve batting - Pitching for Mississippi Braves : RHP Jesus Cumba
Batting: RHB Brian Moore 0-0: Ground out 4-3 (Groundball, 34, EV 83.1 MPH)
Batting: RHB Pedro Criollo 0-0: Called Strike
0-1: Foul Ball, location: 2F
0-2: Ball
1-2: Foul Ball, location: 2F
1-2: Strikes out swinging
Batting: RHB Yoshiaki Tsutsui 0-0: Ball
1-0: Ground out 4-3 (Groundball, 4, EV 81.9 MPH)
Bottom of the 5th over - 0 runs, 0 hits, 0 errors, 0 left on base; Mississippi 4 - Altoona 0
TOP OF THE 6TH
Mississippi Braves batting - Pitching for Altoona Curve : RHP J.J. Sykes
Batting: LHB Davey Schonewille 0-0: Ball
1-0: Ball
2-0: Called Strike
2-1: Swinging Strike
2-2: Ball
3-2: Strikes out swinging
Batting: RHB Jack Power 0-0: Ground out 5-3 (Groundball, 5L, EV 76.9 MPH)
Batting: RHB Yorkis Saiki 0-0: Ball
1-0: Ball
2-0: Called Strike
2-1: Foul Ball, location: 2F
2-2: Hit by Pitch
Batting: RHB Zachary Sidney 0-0: Called Strike
0-1: SINGLE (Line Drive, 89M, EV 106.3 MPH)
Yorkis Saiki to second
Pitching: RHP Bobby Marble
Batting: LHB Jon Burgos 0-0: Called Strike
0-1: Ball
1-1: Ball
2-1: Swinging Strike
2-2: Ground out 4-3 (Groundball, 4, EV 98.8 MPH)
Top of the 6th over - 0 runs, 1 hit, 0 errors, 2 left on base; Mississippi 4 - Altoona 0
BOTTOM OF THE 6TH
Altoona Curve batting - Pitching for Mississippi Braves : RHP Jesus Cumba
Batting: LHB Jesse Henly 0-0: Called Strike
0-1: Foul Ball, location: 2F
0-2: Ground out 5-3 (Groundball, 5, EV 101.3 MPH)
Batting: RHB Keiji Nakajima 0-0: Called Strike
0-1: Ball
1-1: Foul Ball, location: 2F
1-2: Foul Ball, location: 2F
1-2: Ball
2-2: Ball
3-2: Foul Ball, location: 2F
3-2: Ground out U3 (Groundball, 3, EV 79.4 MPH)
Batting: RHB Matt Keef 0-0: Ball
1-0: Ball
2-0: Called Strike
2-1: SINGLE (Groundball, 6MS, EV 73.8 MPH) (infield hit)
Batting: RHB Terry Sutherland 0-0: Ball
1-0: Ball
2-0: Swinging Strike
2-1: Foul Ball, location: 2F
2-2: Ball
3-2: 2-RUN HOME RUN (Flyball, 7D, EV 96.9 MPH), Distance : 380 ft
Batting: SHB Trevor Weareorwear 0-0: SINGLE (Popup, 6MD, EV 58.8 MPH)
Batting: RHB Killian Jones 0-0: Ball
1-0: Ball
2-0: Ball
3-0: Ground out 4-3 (Groundball, 34, EV 102.5 MPH)
Bottom of the 6th over - 2 runs, 3 hits, 0 errors, 1 left on base; Mississippi 4 - Altoona 2
TOP OF THE 7TH
Mississippi Braves batting - Pitching for Altoona Curve : RHP Bobby Marble
Batting: RHB Angel Guzman 0-0: Ball
1-0: Called Strike
1-1: Fly out, F9 (Flyball, 9LM, EV 88.1 MPH)
Batting: RHB Edwin Cota 0-0: Called Strike
0-1: Swinging Strike
0-2: Ball
1-2: Strikes out swinging
Batting: RHB Tim Nettles 0-0: Ball
1-0: SINGLE (Flyball, 8LS, EV 95.0 MPH)
Batting: LHB Raul Guarjardo 0-0: Called Strike
Tim Nettles steals 2nd base
0-1: Foul Ball, location: 2F
0-2: Ball
1-2: Foul Ball, location: 2F
1-2: Ball
2-2: DOUBLE (Line Drive, 8LXD, EV 105.0 MPH)
Tim Nettles scores
Batting: LHB Davey Schonewille 0-0: Ground out 4-3 (Groundball, 4, EV 85.0 MPH)
Top of the 7th over - 1 run, 2 hits, 0 errors, 1 left on base; Mississippi 5 - Altoona 2
BOTTOM OF THE 7TH
Altoona Curve batting - Pitching for Mississippi Braves : RHP Jesus Cumba
Pitching: RHP Jonathan Jacquez
Batting: RHB Brian Moore 0-0: Ball
1-0: Ball
2-0: Foul Ball, location: 2F
2-1: Ball
3-1: Base on Balls
Batting: RHB Pedro Criollo 0-0: Fly out, F4 (Popup, 13, EV 80.6 MPH)
Pinch Hitting: SHB Jerry Massey 0-0: Called Strike
0-1: Called Strike
0-2: Ball
1-2: Strikes out swinging
Batting: LHB Jesse Henly 0-0: Called Strike
0-1: Ball
1-1: Fielders Choice at 2nd, 6-4 (Groundball, 6, EV 86.3 MPH)
Bottom of the 7th over - 0 runs, 0 hits, 0 errors, 1 left on base; Mississippi 5 - Altoona 2
TOP OF THE 8TH
Mississippi Braves batting - Pitching for Altoona Curve : RHP Bobby Marble
Pitching: LHP Don Quiponch
Now in CF: Nelson Ozuna
Batting: RHB Jack Power 0-0: Fly out, F5 (Line Drive, 5, EV 68.8 MPH)
Batting: RHB Yorkis Saiki 0-0: Called Strike
0-1: Foul Ball, location: 2F
0-2: Strikes out swinging
Batting: RHB Zachary Sidney 0-0: Ball
1-0: Called Strike
1-1: Fly out, F8 (Flyball, 8LD, EV 101.9 MPH)
Top of the 8th over - 0 runs, 0 hits, 0 errors, 0 left on base; Mississippi 5 - Altoona 2
BOTTOM OF THE 8TH
Altoona Curve batting - Pitching for Mississippi Braves : RHP Jonathan Jacquez
Pitching: RHP Nate Davis
Batting: RHB Keiji Nakajima 0-0: Ground out 6-3 (Groundball, 6M, EV 79.4 MPH)
Batting: RHB Matt Keef 0-0: Ball
1-0: Ball
2-0: Reached on error, E4 (Groundball, 4, EV 84.4 MPH)
Batting: RHB Terry Sutherland 0-0: 2-RUN HOME RUN (Flyball, 7LD, EV 94.4 MPH), Distance : 336 ft
Batting: SHB Trevor Weareorwear 0-0: Foul Ball, location: 2F
0-1: Foul Ball, location: 2F
0-2: Foul Ball, location: 2F
0-2: Ball
1-2: Foul Ball, location: 2F
1-2: Foul Ball, location: 2F
1-2: Ball
2-2: SINGLE (Groundball, 6MD, EV 101.9 MPH)
Batting: RHB Killian Jones 0-0: Ball
1-0: Ball
2-0: Swinging Strike
2-1: Fielders Choice at 2nd, 4-6 (Groundball, 4, EV 94.4 MPH)
Batting: RHB Brian Moore 0-0: Called Strike
0-1: Ground out 6-3 (Groundball, 6M, EV 103.8 MPH)
Bottom of the 8th over - 2 runs, 2 hits, 1 error, 1 left on base; Mississippi 5 - Altoona 4
TOP OF THE 9TH
Mississippi Braves batting - Pitching for Altoona Curve : LHP Don Quiponch
Pitching: RHP Robby Poyfair
Batting: LHB Jon Burgos 0-0: Ball
1-0: Ball
2-0: Ball
3-0: Base on Balls
Pinch Hitting: LHB Robby Dann 0-0: Ball
1-0: Called Strike
Jon Burgos is caught stealing 2nd base 2-6
1-1: Called Strike
1-2: SINGLE (Groundball, 6M, EV 94.4 MPH)
Batting: RHB Edwin Cota 0-0: Called Strike
Robby Dann steals 2nd base
0-1: Ball
1-1: Ball
2-1: Ground out 5-3 (Groundball, 5L, EV 86.9 MPH)
Batting: RHB Tim Nettles 0-0: Ball
1-0: Foul Ball, location: 2F
1-1: SINGLE (Line Drive, 6M, EV 93.8 MPH)
Robby Dann to third
Throwing error, E8
Robby Dann scores
Tim Nettles to second
Batting: LHB Raul Guarjardo 0-0: Foul Ball, location: 2F
0-1: Ground out 6-3 (Groundball, 6, EV 90.6 MPH)
Top of the 9th over - 1 run, 2 hits, 1 error, 1 left on base; Mississippi 6 - Altoona 4
BOTTOM OF THE 9TH
Altoona Curve batting - Pitching for Mississippi Braves : RHP Nate Davis
Pitching: RHP Chris Bedard
Now at 1B: Waki Matsui
Batting: RHB Pedro Criollo 0-0: SINGLE (Line Drive, 89S, EV 87.5 MPH)
Batting: RHB Nelson Ozuna 0-0: Ball
1-0: Fly out, F8 (Flyball, 8RD, EV 98.1 MPH)
Batting: LHB Jesse Henly 0-0: Ball
1-0: Foul Ball, location: 2F
1-1: Swinging Strike
1-2: Foul Ball, location: 2F
1-2: Foul Ball, location: 2F
1-2: Strikes out looking
Batting: RHB Keiji Nakajima 0-0: Ball
1-0: Fielders Choice at 2nd, 6-4 (Groundball, 6, EV 89.4 MPH)
Bottom of the 9th over - 0 runs, 1 hit, 0 errors, 1 left on base; Mississippi 6 - Altoona 4
Thursday, March 31st , 2022 - OOTP Baseball 22.12 Build 89